 Dungeon Crawl Stone Soup version 0.24-a0-7-g1bb0902 (webtiles) character file.

Game seed: 4385492911787958127

32648 Lanoc the Impaler (level 13, 0/104 HPs)
             Began as a Merfolk Berserker on Jan 30, 2019.
             Was the Champion of Trog.
             Killed by vampiric draining
             ... invoked by a vampire
              (10 damage)
             ... on level 14 of the Dungeon.
             The game lasted 00:57:00 (14551 turns).

Lanoc the Impaler (Merfolk Berserker)              Turns: 14551, Time: 00:57:01

Health: 0/104      AC: 24    Str: 23    XL:     13   Next: 65%
Magic:  13/13      EV:  9    Int:  7    God:    Trog [******]
Gold:   630        SH:  0    Dex: 11    Spells: 12/12 levels left

rFire    + + +     SeeInvis .   H - +5 trident (curse)
rCold    + . .     Gourm    +   (no shield)
rNeg     . . .     Faith    .   f - +0 crystal plate armour
rPois    +         Spirit   .   (no helmet)
rElec    .         Reflect  .   k - scarf {rC+ rF+}
rCorr    +         Harm     .   E - +2 pair of gloves
MR       .....                  (no boots)
Stlth    ..........             Q - amulet of the gourmand
HPRegen  0.27/turn              m - ring of resist corrosion
MPRegen  0.13/turn              y - ring "Xecel" {+Fly rPois rF++ Str-4 Stlth+}

@: mighty, berserk cooldown, slowed, very slow
A: change form in water, swift swim, stealthy swim, clumsy 1
a: Berserk, Trog's Hand, Brothers in Arms, Renounce Religion, Evoke Flight


You were on level 14 of the Dungeon.
You worshipped Trog.
Trog was exalted by your worship.
You were not hungry.

You visited 2 branches of the dungeon, and saw 15 of its levels.
You visited the Abyss 1 time.
You also visited: Ossuary.

You collected 855 gold pieces.
You spent 225 gold pieces at shops.

Inventory:

Hand Weapons
 h - a +2 halberd of distortion
 t - a +0 scythe of protection
 H - a cursed +5 trident (weapon)
 K - a +0 glaive of flaming
Armour
 f - a +0 crystal plate armour (worn)
 k - a scarf of resistance (worn)
 E - a +2 pair of gloves (worn)
Jewellery
 m - a ring of resist corrosion (left hand)
 y - the ring "Xecel" (right hand) {+Fly rPois rF++ Str-4 Stlth+}
   (You found it in an ossuary)

   [ring of stealth]

   It affects your strength (-4).
   It greatly protects you from fire.
   It protects you from poison.
   It lets you fly.
   It makes you more stealthy.
 Q - an amulet of the gourmand (around neck)
Wands
 a - a wand of paralysis (5)
 n - a wand of random effects (39)
 p - a wand of polymorph (7)
 F - a wand of iceblast (23)
 J - a wand of disintegration (11)
 M - a wand of clouds (3)
 O - a wand of flame (4)
Scrolls
 e - 5 scrolls of teleportation
 g - 2 scrolls of magic mapping
 i - 2 scrolls of enchant armour {unknown}
 o - a scroll of immolation
 r - 4 scrolls of enchant weapon
 u - 4 scrolls of fog
 w - 2 scrolls of vulnerability
 x - 4 scrolls of fear
 z - 5 scrolls of remove curse
 B - 4 scrolls of blinking
 D - 2 scrolls of identify
 G - 2 scrolls of amnesia {unknown}
 I - a scroll of random uselessness {unknown}
Potions
 b - a potion of invisibility
 d - 2 potions of brilliance
 j - 7 potions of curing
 l - 3 potions of haste
 q - 3 potions of magic
 v - 3 potions of flight
 A - 3 potions of lignification
 L - a potion of berserk rage
Miscellaneous
 N - a lamp of fire
Comestibles
 c - 14 rations


   Skills:
 + Level 10.7 Fighting
 * Level 18.0 Polearms
 * Level 10.4 Armour
 + Level 12.6 Dodging


You had 12 spell levels left.
You didn't know any spells.
Your spell library was empty.

Dungeon Overview and Level Annotations

Branches:
Dungeon (14/15)            Temple (1/1) D:4            Lair (0/6) D:8
    Orc (0/2) D:11
 Vaults: D:13-14

Altars:
Ashenzari
Hepliaklqana
Kikubaaqudgha
Okawaru
Qazlal
Sif Muna
Trog
Uskayaw
Vehumet
Xom
Yredelemnul
Zin

Shops:
D:4 [   D:8 (   D:10 ?

Annotations:
Abyss:1 Erica, Josephine


Innate Abilities, Weirdness & Mutations

You revert to your normal form in water You are very nimble and swift while swimming.
You are very stealthy in the water. (Stealth+)
You are clumsy. (Dex -2)


Message History

The vampire is heavily damaged.
The vampire hits you but does no damage.
The vampire bites you but does no damage.
You closely miss the vampire.
The vampire is heavily damaged.
The vampire is infused with unholy energy.
* * * LOW HITPOINT WARNING * * *
The vampire draws life force from you and is healed!
You barely miss the vampire.
The vampire is moderately damaged.
The vampire hits you but does no damage.
The vampire bites you but does no damage.
You closely miss the vampire.
The vampire is moderately damaged.
The vampire hits you but does no damage.
The vampire bites you but does no damage.
You impale the vampire!!
The vampire is almost destroyed.
The vampire is infused with unholy energy.
You die...

#.........##....##
##.......c#......#
#........#......# #
#........#......#..
#.........(........
#..........(......#
#..........(......#
##########(..#.....
#.@V...# #..#
#####>.# .# .....#
. ....... .V......
......... ....##.


You could see a vampire.

Vanquished Creatures
  Nessos (D:14)
  Azrael (D:13)
  A starcursed mass (Abyss:1)
  Erolcha (D:13)
  A centaur warrior (D:13)
  A tengu warrior (D:13)
  4 two-headed ogres
  A two-headed ogre (shapeshifter) (D:13)
  2 unseen horrors (D:13)
  5 ugly things
  A deep elf mage (D:12)
  2 cyclopes (D:13)
  2 manticores (D:13)
  A kobold demonologist (D:13)
  2 gargoyles (D:13)
  2 efreet (D:13)
  5 centaur skeletons
  A yaktaur (D:13)
  A meliai (D:13)
  5 trolls
  A hornet (D:11)
  5 hippogriffs
  Sigmund (D:6)
  2 shadows
  An ettin skeleton (Abyss:1)
  A centaur simulacrum (D:13)
  A vampire (D:9)
  3 wraiths (D:12)
  4 yaks (D:12)
  3 fire elementals (D:13)
  A basilisk (D:13)
  4 hungry ghosts
  6 vampire mosquitoes
  A harpy simulacrum (D:14)
  A hell hound (D:13)
  A soldier ant (D:13)
  An acid dragon (D:12)
  Duvessa (D:6)
  4 ice beasts
  5 phantoms
  9 orc warriors
  7 sky beasts
  A black bear (D:6)
  2 necrophages
  7 ogres
  3 boggarts (D:14)
  A crocodile (D:13)
  8 centaurs
  3 big kobolds
  7 bullfrogs
  A gnoll sergeant (D:11)
  3 water moccasin zombies (Ossuary)
  5 wyvern skeletons
  3 scorpions
  Dowan (D:6)
  8 killer bees (D:8)
  14 wights
  2 howler monkeys (D:7)
  3 electric eels (D:11)
  3 crimson imps
  2 centaur zombies
  9 hounds
  4 jellies
  8 orc priests
  11 orc wizards
  Jessica (D:2)
  3 bullfrog skeletons
  5 iguanas
  7 worker ants
  A killer bee zombie (D:5)
  2 big kobold zombies (Ossuary)
  2 hound skeletons
  A hound zombie (D:8)
  2 mummies (Ossuary)
  8 gnolls
  2 howler monkey skeletons
  11 adders
  3 shadow imps
  7 oozes
  7 adder zombies
  An adder skeleton (D:6)
  5 worms
  A dart slug (D:1)
  3 leopard geckos
  66 orcs
  6 giant cockroaches
  2 gnoll zombies (Ossuary)
  9 goblins
  6 hobgoblins
  4 jackals
  33 kobolds
  2 quokkas
  2 ball pythons
  7 bats
  6 frilled lizards
  4 hobgoblin zombies (Ossuary)
  5 kobold zombies (Ossuary)
  A leopard gecko zombie (D:6)
  3 orc zombies (Ossuary)
  A quokka skeleton (D:6)
  12 rats
453 creatures vanquished.

Vanquished Creatures (others)
  A two-headed ogre (D:11)
  A hippogriff (D:10)
  A wraith (D:11)
  A soldier ant (D:13)
  An orc warrior (D:11)
  An eye of draining (D:11)
  A sky beast (D:8)
  A necrophage (D:8)
  An ogre (D:8)
  A phantom (D:9)
  A bullfrog (D:13)
  A killer bee (D:8)
  An electric eel (D:11)
  A hound (D:7)
  A jelly (D:8)
  A gnoll (D:11)
  2 plants (D:7)
18 creatures vanquished.

Grand Total: 471 creatures vanquished

Notes
Turn   | Place    | Note
-------+----------+-------------------------------------------
     0 | D:1      | Lanoc the Merfolk Berserker began the quest for the Orb.
     0 | D:1      | Reached XP level 1. HP: 18/18 MP: 1/1
    65 | D:1      | Reached XP level 2. HP: 22/24 MP: 2/2
   334 | D:1      | Reached ** piety under Trog
   334 | D:1      | Reached XP level 3. HP: 27/29 MP: 3/3
   362 | D:1      | Reached skill level 5 in Polearms
   521 | D:2      | Noticed Jessica
   531 | D:2      | Killed Jessica
   531 | D:2      | Reached XP level 4. HP: 25/37 MP: 4/4
  1077 | D:2      | Reached XP level 5. HP: 32/42 MP: 5/5
  1316 | D:3      | Reached skill level 6 in Polearms
  1320 | D:3      | Reached *** piety under Trog
  1820 | D:3      | Found a hide-covered altar of Uskayaw.
  1838 | D:3      | Noticed a water elemental
  1839 | D:3      | Found a stormy altar of Qazlal.
  1844 | D:3      | Noticed an air elemental
  1873 | D:3      | Noticed a fire elemental
  1911 | D:4      | Found a staircase to the Ecumenical Temple.
  1917 | Temple   | Entered the Ecumenical Temple
  2038 | D:4      | Found Fouravux's Armour Shop.
  2391 | D:4      | Reached XP level 6. HP: 48/48 MP: 6/6
  2573 | D:4      | Reached skill level 5 in Dodging
  2739 | D:4      | Reached skill level 7 in Polearms
  3237 | D:5      | Entered Level 5 of the Dungeon
  3519 | D:5      | Reached XP level 7. HP: 54/55 MP: 7/7
  3716 | D:5      | Found a deep blue altar of Sif Muna.
  3751 | D:5      | Identified Sif Muna's Catalogue of the Rocks
  4020 | D:6      | Found a hazy altar of Hepliaklqana.
  4020 | D:6      | Noticed Sigmund
  4022 | D:6      | Found a shimmering altar of Xom.
  4027 | D:6      | Killed Sigmund
  4027 | D:6      | Reached skill level 8 in Polearms
  4028 | D:6      | Noticed a spectral ugly thing
  4112 | D:6      | Found a sand-covered staircase.
  4134 | D:6      | Reached skill level 5 in Fighting
  4141 | D:6      | Reached XP level 8. HP: 62/62 MP: 8/8
  4211 | D:6      | Reached skill level 9 in Polearms
  4262 | Ossuary  | Entered an ossuary
  4307 | Ossuary  | Reached **** piety under Trog
  4749 | Ossuary  | Got a shimmering lapis lazuli ring
  4756 | Ossuary  | Identified the ring "Xecel" {+Fly rPois rF++ Str-4 Stlth+}
                  | (You found it in an ossuary)
  4870 | D:6      | Reached skill level 10 in Polearms
  4919 | D:6      | Reached XP level 9. HP: 69/69 MP: 9/9
  5087 | D:6      | Noticed Dowan
  5089 | D:6      | Noticed Duvessa
  5095 | D:6      | Killed Dowan
  5162 | D:6      | Killed Duvessa
  5162 | D:6      | Reached skill level 5 in Armour
  5177 | D:6      | Noticed a moth of wrath
  5180 | D:6      | Found a bloodstained altar of Trog.
  5505 | D:6      | Reached ***** piety under Trog
  5736 | D:7      | Reached skill level 11 in Polearms
  6174 | D:7      | Received a gift from Trog
  6285 | D:7      | Reached XP level 10. HP: 77/77 MP: 10/10
  6299 | D:7      | Reached skill level 12 in Polearms
  6736 | D:8      | Noticed a two-headed ogre
  6744 | D:8      | Killed a two-headed ogre
  6755 | D:8      | Found Lougror's Antique Weapon Boutique.
  7082 | D:8      | Found a basalt altar of Yredelemnul.
  7105 | D:8      | Found a staircase to the Lair.
  7269 | D:8      | Found a glowing silver altar of Zin.
  7272 | D:8      | Found a bloodstained altar of Trog.
  7275 | D:8      | Found a radiant altar of Vehumet.
  7278 | D:8      | Found an ancient bone altar of Kikubaaqudgha.
  7463 | D:8      | Reached skill level 13 in Polearms
  8403 | D:9      | Noticed a two-headed ogre
  8409 | D:9      | Killed a two-headed ogre
  8409 | D:9      | Reached XP level 11. HP: 85/85 MP: 11/11
  8428 | D:9      | Got a ripped robe
  8485 | D:9      | Identified the +1 robe of the Bells {rElec rCorr MP-9} (You
                  | found it on level 9 of the Dungeon)
  8654 | D:9      | Received a gift from Trog
  8657 | D:9      | Got a steaming fustibalus {god gift}
  8753 | D:9      | Reached skill level 14 in Polearms
  8913 | D:10     | Entered Level 10 of the Dungeon
  8913 | D:10     | Found Caur's Magic Scroll Shop.
  8935 | D:10     | Bought a scroll of blinking for 75 gold pieces
  8935 | D:10     | Bought a scroll of blinking for 75 gold pieces
  8935 | D:10     | Bought a scroll of blinking for 75 gold pieces
  9081 | D:10     | Noticed Erica
  9084 | D:10     | Banished Erica
  9084 | D:10     | Reached skill level 10 in Dodging
  9771 | D:11     | Noticed a two-headed ogre
  9788 | D:11     | Killed a two-headed ogre
  9930 | D:11     | Noticed a two-headed ogre
  9942 | D:11     | Banished a two-headed ogre
 10234 | D:11     | Reached skill level 15 in Polearms
 10812 | D:11     | Reached XP level 12. HP: 94/94 MP: 12/12
 10946 | D:11     | Reached ****** piety under Trog
 11151 | D:11     | Found a staircase to the Orcish Mines.
 11415 | D:12     | Noticed Josephine
 11428 | D:12     | Banished Josephine
 11601 | D:12     | Noticed a two-headed ogre
 11663 | D:12     | Killed a two-headed ogre
 11663 | D:12     | Received a gift from Trog
 11950 | D:13     | Noticed a centaur warrior
 11975 | D:13     | Noticed Azrael
 11985 | D:13     | Reached skill level 16 in Polearms
 12010 | D:13     | Killed Azrael
 12063 | D:13     | Noticed a tengu warrior
 12240 | D:13     | Killed a tengu warrior
 12246 | D:13     | Identified the ring "Kyaliuff" {Ice rPois Str+3}
 12297 | D:13     | Noticed Erolcha
 12306 | D:13     | Cast into level 1 of the Abyss (Erolcha)
 12329 | Abyss:1  | Identified the +6 fustibalus "Iplig" {velocity, Str+3}
                  | (Trog gifted it to you on level 9 of the Dungeon)
 12376 | Abyss:1  | Gained mutation: You are clumsy. (Dex -2) [mutagenic glow]
 12393 | Abyss:1  | Noticed a starcursed mass
 12448 | Abyss:1  | Killed a starcursed mass
 12448 | Abyss:1  | Reached skill level 10 in Fighting
 12507 | D:13     | Escaped the Abyss
 12515 | D:13     | Killed Erolcha
 12534 | D:13     | Reached XP level 13. HP: 37/103 MP: 13/13
 12650 | D:13     | Reached skill level 17 in Polearms
 13031 | D:13     | Reached skill level 10 in Armour
 13779 | D:13     | Identified Kioqucli's Guide on Darkness
 14512 | D:14     | Noticed Nessos
 14541 | D:14     | Killed Nessos
 14541 | D:14     | Reached skill level 18 in Polearms
 14551 | D:14     | Killed from afar by a vampire

Vault maps used:
D:1:      dpeg_arrival_tiny_k, corexii_item_surrounded_by_moat
D:2:      minmay_joined_circles, uniq_jessica
D:3:      nicolae_qazlal_style_of_elements, marbit_many_paths
D:4:      minmay_temple_entry_arrows, serial_shops, nicolae_shop_behind_doors
D:5:      led_sif_book, first_ration
D:6:      regret_index_temple_of_mockery, enter_ossuary_1, tgw_trog,
          uniq_duvessa, uniq_sigmund
D:7:      kennysheep_kobold_camp
D:8:      nicolae_overflow_crystal_walls, grunt_temple_overflow_cloverleaf,
          serial_shops, nicolae_shop_overgrown_old_shop,
          hangedman_little_slice_of_home
D:9:      serial_column_ruins, column_ruins_square_medium,
          column_ruins_hut_ruined, column_ruins_corridor_dead_end,
          column_ruins_columns_straight, column_ruins_columns_straight,
          column_ruins_open_small, column_ruins_open_tiny,
          column_ruins_open_tiny
D:10:     serial_shops, shop_scrolls, uniq_erica
D:11:     erik_orc_2, minmay_misc_feat_room, nicolae_straight_to_the_point
D:12:     kennysheep_decorative_pillar, chequers_jeans, uniq_josephine
D:13:     minmay_the_grid_octo_tiled_octocenter_mashed,
          kennysheep_generic_room_2, uniq_azrael, uniq_erolcha
D:14:     skrybe_vaults_entry_preservation, serial_shops, kennysheep_little_box,
          nicolae_shop_statue_plus, shop, nicolae_shop_crystal, shop,
          nicolae_gozag_cash_rules_everything_around_me, guppyfry_shop_venom,
          uniq_kirke, uniq_nessos
Temple:   hc_temple_tempest_star
Ossuary:  ossuary_tomb_2

Skill      XL: |  1  2  3  4  5  6  7  8  9 10 11 12 13 |
---------------+----------------------------------------+-----
Dodging        | 3 4 5 6 7 8 9 10 11 12 | 12.6
Polearms       | 5 6 7 8 10 11 13 15 16 18 | 18.0
Armour         | 2 3 4 6 7 8 9 10 | 10.4
Fighting       | 4 5 6 8 9 10 | 10.7

Action                   |  1- 3 |  4- 6 |  7- 9 | 10-12 | 13-15 || total
-------------------------+-------+-------+-------+-------+-------++-------
Melee: Spear             |    97 |   330 |   883 |       |       ||  1310
       Halberd           |       |       |     4 |   690 |       ||   694
       Tailslap          |       |       |       |     8 |       ||     8
       Trident           |       |       |       |    60 |   312 ||   372
Invok: Berserk           |     2 |    10 |    14 |    11 |     7 ||    44
  Use: Scroll            |       |    11 |     9 |     3 |       ||    23
       Potion            |       |       |     6 |     3 |     2 ||    11
 Stab: Sleeping          |     1 |       |       |       |       ||     1
       Invisible         |       |       |     5 |       |       ||     5
  Eat: Chunk             |     1 |    19 |    22 |    19 |     8 ||    69
       Ration            |       |       |     1 |     3 |     4 ||     8
Armor: Animal skin       |    20 |    11 |       |       |       ||    31
       Crystal plate arm |       |   145 |   567 |   372 |   270 ||  1354
Dodge: Dodged            |    55 |    71 |   108 |   109 |    73 ||   416

Table legend:
 A = Non-vault XP
 B = Vault XP
 C = Vault XP percentage of total XP
 D = Non-vault monster count
 E = Vault monster count
 F = Vault count percentage of total count
                 A         B        C        D         E       F
            +---------+---------+-------+---------+---------+-------
      Total |   28751 |   17890 |  38.4 |     307 |     164 |  34.8
            +---------+---------+-------+---------+---------+-------
        D:1 |      37 |       0 |   0.0 |      21 |       0 |   0.0
        D:2 |      39 |     107 |  73.3 |      17 |      17 |  50.0
        D:3 |      30 |      13 |  30.2 |       9 |       1 |  10.0
        D:4 |     331 |       0 |   0.0 |      16 |       0 |   0.0
        D:5 |     188 |      74 |  28.2 |       9 |       2 |  18.2
        D:6 |    1381 |     461 |  25.0 |      32 |       8 |  20.0
        D:7 |    1714 |     130 |   7.0 |      30 |      21 |  41.2
        D:8 |    3358 |     154 |   4.4 |      43 |       8 |  15.7
        D:9 |    2598 |       0 |   0.0 |      21 |       0 |   0.0
       D:10 |    2773 |     497 |  15.2 |      29 |       1 |   3.3
       D:11 |    3788 |    1449 |  27.7 |      31 |      43 |  58.1
       D:12 |    2977 |    1254 |  29.6 |       9 |       4 |  30.8
       D:13 |    7006 |   12106 |  63.3 |      31 |      31 |  50.0
       D:14 |    1314 |    1279 |  49.3 |       7 |       1 |  12.5
    Abyss:1 |    1217 |       0 |   0.0 |       2 |       0 |   0.0
    Ossuary |       0 |     366 | 100.0 |       0 |      27 | 100.0
            +---------+---------+-------+---------+---------+-------
